 Dungeon Crawl Stone Soup version 0.29-a0-857-g9b1aa3ac5b (webtiles) character file.

Game seed: 4554418840289405443

240 nxtlvl the Conjurer (level 5, 0/31 HPs)
             Began as a Deep Elf Monk on July 17, 2022.
             Slain by an ogre
             ... wielding a +0 giant club
              (14 damage)
             ... on level 5 of the Dungeon.
             The game lasted 00:15:02 (1714 turns).

nxtlvl the Conjurer (Deep Elf Monk)                 Turns: 1714, Time: 00:15:03

Health: 0/31       AC:  3    Str:  8    XL:     5   Next: 79%
Magic:  12/12      EV: 14    Int: 17    God:
Gold:   72         SH:  0    Dex: 23    Spells: 10/11 levels left

rFire   . . .      SeeInvis .   a - +2 dagger (protect)
rCold   . . .      Faith    .   (no shield)
rNeg    . . .      Spirit   .   b - +0 robe
rPois   .          Reflect  .   (no helmet)
rElec   .          Harm     .   n - +0 cloak
rCorr   .          Rampage  .   (no gloves)
Will    .....                   (no boots)
Stlth   +++.......              (no amulet)
HPRegen 0.10/turn               d - +6 ring of dexterity
MPRegen 0.13/turn               (no ring)

@: weakened
A: no striking features
a: no special abilities


You were on level 5 of the Dungeon.
You visited 1 branch of the dungeon, and saw 5 of its levels.

You collected 105 gold pieces.
You spent 33 gold pieces at shops.

Inventory:

Hand Weapons
 a - a +2 dagger of protection (weapon)
Missiles
 g - 21 stones
 v - 4 poisoned darts (quivered)
Armour
 b - a +0 robe (worn)
 n - a +0 cloak (worn)
 x - a +2 ring mail of fire resistance
Jewellery
 d - a +6 ring of dexterity (left hand)
Wands
 r - a wand of roots (9)
Scrolls
 e - 3 scrolls of teleportation
 h - a scroll of summoning {unknown}
 i - 3 scrolls of magic mapping {unknown}
 j - a scroll of immolation {unknown}
 o - 3 scrolls of blinking {unknown}
 p - a scroll of noise {unknown}
 q - a scroll of silence {unknown}
 s - a scroll of fog {unknown}
 w - a scroll of vulnerability {unknown}
Potions
 c - a potion of ambrosia
 f - a potion of brilliance
 k - a potion of heal wounds
 l - 2 potions of curing
 m - a potion of mutation
 t - a potion of might
 u - 2 potions of lignification {unknown}
 z - a potion of flight {unknown}


   Skills:
 - Level 2.4 Fighting
 - Level 4.0 Short Blades
 - Level 3.6 Dodging
 - Level 2.4 Stealth
 + Level 3.6 Spellcasting
 * Level 4.4 Conjurations


You had 10 spell levels left.
You knew the following spells:

 Your Spells              Type           Power      Damage    Failure   Level
z - Magic Dart            Conj           72%        1d6       2%          1

Your spell library contained the following spells:

 Spells                   Type           Power      Damage    Failure   Level
 Sting                    Tmut/Pois      12%        1d3       16%         1
 Call Imp                 Summ           3%         N/A       24%         2
 Poisonous Vapours        Pois/Air       6%         N/A       24%         2
 Mephitic Cloud           Conj/Pois/Air  8%         N/A       26%         3
 Olgreb's Toxic Radiance  Pois           3%         N/A       85%         4


Dungeon Overview and Level Annotations

Branches:
Dungeon (5/15)
 Temple: D:4-7

Altars:
Ashenzari

Shops:
D:4 ?

Annotations:
D:2 Terence


Message History

The gnoll bouda attacks as you move away!
The gnoll bouda barely misses you. The ogre hits you with a +0 giant club!
Aiming: Fastroot
Press: ? - help, Shift-Dir - straight line, p - gnoll
Okay, then.
The gnoll bouda attacks as you move away!
The gnoll bouda misses you.
The gnoll bouda utters an invocation to its god.
The gnoll bouda is healed somewhat.
Aiming: Fastroot
Press: ? - help, Shift-Dir - straight line, f/p - gnoll
Aim: a gnoll, wielding a +0 whip (heavily wounded, covering ground quickly)
The roots erupt in riotous growth!
Roots grab the gnoll bouda.
Roots grab the gnoll.
Roots grab the ogre.
The grasping roots constrict the ogre.
The grasping roots constrict the gnoll bouda.
The grasping roots constrict the gnoll.
The ogre struggles to escape constriction.
The gnoll bouda prays to its god.
The gnoll bouda is healed somewhat.
Unknown command.
Unknown command.
The grasping roots constrict the ogre.
The grasping roots constrict the gnoll bouda.
The grasping roots constrict the gnoll.
You kill the gnoll!
The roots release their grip on the ogre.
The roots release their grip on the gnoll bouda.
Aiming: Fastroot
Press: ? - help, Shift-Dir - straight line, f - ogre
Aim: an ogre, wielding a +0 giant club (moderately wounded)
The roots erupt in riotous growth!
Roots grab the ogre.
Roots grab the gnoll bouda.
The grasping roots constrict the ogre.
The grasping roots constrict the gnoll bouda.
You kill the gnoll bouda!
You hear an angry hiss.
The ogre escapes!
The ogre attacks as you move away! The ogre hits you with a +0 giant club!
You die...

. #.##†g#. #.##.†#.
#.##...P #.....P.
.## ##g..P..P ...
#..#<.... ..
#######..#....#
#.####.Z)....)#.....
#..@Og)######.######
###.#....# #.#
......#.# #..
#.#8P8.#.# ###!
...#..... . . ..#
#.8.P.... . ..#
###....### #. ..####


You could see an ogre, a gnoll (swift) and a bullfrog zombie.

Vanquished Creatures
  2 hounds (D:5)
  A gnoll bouda (D:5)
  Ijyb (D:3)
  An orc wizard (D:2)
  3 gnolls
  An adder (D:4)
  A dart slug (D:1)
  3 orcs (D:2)
  2 bats
  5 endoplasms
  2 giant cockroaches (D:3)
  8 goblins
  5 hobgoblins
  3 jackals
  4 kobolds
  4 quokkas
  4 ball pythons
  2 frilled lizards
  5 rats
57 creatures vanquished.

Notes
Turn   | Place    | Note
-------+----------+-------------------------------------------
     0 | D:1      | nxtlvl the Deep Elf Monk began the quest for the Orb.
     0 | D:1      | Reached XP level 1. HP: 13/13 MP: 3/3
    67 | D:1      | Reached XP level 2. HP: 7/18 MP: 4/4
    76 | D:1      | Found a faded altar of an unknown god.
   113 | D:1      | Learned a level 1 spell: Magic Dart
   384 | D:2      | Noticed Terence
   440 | D:2      | Reached skill level 1 in Conjurations
   585 | D:3      | Reached skill level 1 in Spellcasting
   587 | D:3      | Reached XP level 3. HP: 19/22 MP: 6/6
   830 | D:4      | Found a broken altar of Ashenzari.
   907 | D:4      | Found Dyrolo Irrad's Magic Scroll Emporium.
   912 | D:4      | Bought a scroll of teleportation for 33 gold pieces
  1044 | D:4      | Noticed a scorpion
  1067 | D:3      | Noticed Ijyb
  1128 | D:3      | Killed Ijyb
  1129 | D:3      | Reached XP level 4. HP: 6/27 MP: 7/9
  1568 | D:5      | Entered Level 5 of the Dungeon
  1573 | D:5      | Reached XP level 5. HP: 31/31 MP: 9/11
  1707 | D:5      | Noticed an ogre
  1714 | D:5      | Slain by an ogre

Illustrated notes

Levels and vault maps discovered:
D:1:      scummos_arrival_simple_crosswalls, layout_basic,
          hellmonk_ecumenical_altar_pennies_from_heaven, serial_shops,
          nicolae_shop_hallway_plus, chequers_serial_rivers_micro_b
D:2:      layout_loops_ring, minmay_crystal_room, dreamdust_princess_corridor,
          uniq_terence
D:3:      wander_river, layout_loops_corners, minmay_fractal_squares_5,
          uniq_ijyb
D:4:      layout_cave_pools, mainiacjoe_overflow_alcove_2, serial_shops,
          kennysheep_little_box, grunt_decor_one_mirror
D:5:      layout_rooms, kennysheep_mini_moat, xom_teletrap_fun,
          nicolae_ru_awakened_eye, serial_undead, serial_undead_b,
          serial_undead_e, serial_undead_c, serial_undead_a

Skill      XL: |  1  2  3  4  5 |
---------------+----------------+-----
Conjurations   | 1 2 3 4 |  4.4
Spellcasting   | 1 2 3 |  3.6
Short Blades   | 4 |  4.0
Fighting       | |  2.4
Dodging        | |  3.6
Stealth        | |  2.4

Action                   |  1- 3 |  4- 6 || total
-------------------------+-------+-------++-------
Melee: Short sword       |    34 |       ||    34
       Punch             |     1 |       ||     1
       Dagger            |    72 |    66 ||   138
Throw: Dart              |       |     1 ||     1
 Cast: Magic Dart        |    11 |     4 ||    15
Evoke: Wand              |       |     3 ||     3
  Use: Scroll            |     4 |     2 ||     6
 Stab: Sleeping          |     7 |     4 ||    11
Armor: Robe              |    21 |    23 ||    44
Dodge: Dodged            |    52 |    52 ||   104

Table legend: (Time is in decaauts)
 A = Elapsed time spent in this place.
 B = Non-inter-level travel time spent in this place.
 C = Inter-level travel time spent in this place.
 D = Time resting spent in this place.
 E = Time spent auto-exploring this place.
 F = Levels seen in this place.
 G = Mean time per level.
                   A        B        C        D        E       F      G
               +--------+--------+--------+--------+--------+-----+--------+
         Total |   1695 |   1595 |    100 |      0 |     18 |   5 |  339.0 |
       Dungeon |   1695 |   1595 |    100 |      0 |     18 |   5 |  339.0 |
               +--------+--------+--------+--------+--------+-----+--------+

Top non-repeatable levels by time:
     D:2: 529 daAuts
     D:4: 410 daAuts
     D:1: 351 daAuts
     D:3: 347 daAuts
     D:5: 56 daAuts
